 Dungeon Crawl Stone Soup version 0.32-a0-798-gfa783ce77f (webtiles) character file.

Game seed: 7467350446238288151

353488 Essalna the Cryomancer (level 22, -25/147 (155) HPs)
             Began as a Gargoyle Earth Elementalist on Mar 20, 2024.
             Was the Champion of Vehumet.
             Annihilated by a caustic shrike simulacrum (51 damage)
             ... led by Josephina
             ... on level 2 of the Depths on Mar 21, 2024.
             The game lasted 01:54:36 (47802 turns).

Essalna the Cryomancer (GrEE)                      Turns: 47802, Time: 01:54:37

HP:   -25/147 (155) AC: 43    Str: 11    XL:     22   Next: 61%
MP:   25/38         EV: 15    Int: 34    God:    Vehumet [******]
Gold: 5816          SH:  0    Dex: 10    Spells: 2/45 levels left

rFire   + . .        R - staff of earth
rCold   . . .        V - +1 buckler {AC+3}
rNeg    + . .        U - +4 swamp dragon scales "Horinurr" {rPois rF+}
rPois   ∞            S - +2 helmet
rElec   +            Z - +2 cloak {rCorr}
rCorr   +            q - +2 pair of gloves
SInv    .            O - +1 pair of boots
Will    +....        L - amulet of magic regeneration Stlth
                     h - +6 ring of intelligence
HPRegen 0.44/turn    o - +5 ring of evasion
MPRegen 0.66/turn

%: no passive effects
@: confused, ambrosia-drunk, flying, studying 3 skills, drained
A: sickness immunity, AC +16, big wings, negative energy resistance 1,
electricity resistance, torment resistance 1, petrification resistance, deformed
body, sense surroundings 1, inability to drink after injury 1
}: 1/15 runes: barnacled
a: Renounce Religion


You were on level 2 of the Depths.
You worshipped Vehumet.
Vehumet was exalted by your worship.
You visited 10 branches of the dungeon, and saw 39 of its levels.
You visited 1 bazaar.
You also visited: Ossuary.

You collected 6476 gold pieces.
You spent 660 gold pieces at shops.

Inventory:

Armour
 i - a +0 buckler of reflection
 q - a +2 pair of gloves (worn)
 O - a +1 pair of boots (worn)
 S - a +2 helmet (worn)
 U - the +4 swamp dragon scales "Horinurr" (worn) {rPois rF+}
   (You found it on level 1 of the Lair of Beasts)

   rF+:       It protects you from fire.
   rPois:     It protects you from poison.
 V - a +1 buckler of protection (worn)
 Z - a +2 cloak of preservation (worn)
Magical Staves
 R - a staff of earth (weapon)
 Y - a staff of fire
Jewellery
 a - a ring of protection from fire
 h - a +6 ring of intelligence (left hand)
 o - a +5 ring of evasion (right hand)
 y - a ring of willpower
 F - the ring of Finality {+Blink rElec rF+ rCorr Stlth-}
   (You found it on level 3 of the Elven Halls)

   [ring of resist corrosion]

   rF+:       It protects you from fire.
   rElec:     It insulates you from electricity.
   +Blink:    It lets you blink.
   rCorr:     It protects you from acid and corrosion.
   Stlth-:    It makes you less stealthy.
 L - an amulet of magic regeneration (around neck)
 P - a +5 ring of evasion
 X - a ring of willpower
Wands
 v - a wand of digging (12)
 E - a wand of light (13)
 H - a wand of mindburst (15)
 K - a wand of roots (27)
Scrolls
 c - 2 scrolls of torment
 e - 6 scrolls of fear
 j - 3 scrolls of revelation
 m - 4 scrolls of noise
 p - 10 scrolls of vulnerability
 r - 6 scrolls of blinking
 u - a scroll of enchant armour
 w - 3 scrolls of amnesia
 C - a scroll of butterflies
 I - 11 scrolls of enchant weapon
 J - 3 scrolls of identify
 M - 6 scrolls of immolation
 Q - 5 scrolls of poison
 T - 5 scrolls of teleportation
 W - 4 scrolls of fog
Potions
 b - a potion of mutation
 f - 21 potions of curing
 g - 14 potions of brilliance
 k - 9 potions of lignification
 l - 3 potions of berserk rage
 n - 4 potions of attraction
 s - 3 potions of cancellation
 t - 7 potions of heal wounds
 x - 3 potions of invisibility
 z - 2 potions of resistance
 A - 4 potions of enlightenment
 B - 7 potions of haste
 D - 6 potions of degeneration
 G - 4 potions of magic
 N - 3 potions of might


   Skills:
 - Level 21.2 Fighting
 - Level 10.0 Armour
 - Level 4.0 Dodging
 - Level 2.1 Stealth
 - Level 5.0 Shields
 - Level 12.2 Spellcasting
 - Level 10.0 Conjurations
 - Level 5.6 Fire Magic
 + Level 24.2 Ice Magic
 - Level 4.0 Air Magic
 - Level 21.1 Earth Magic


You had 2 spell levels left.
You knew the following spells:

 Your Spells              Type           Power      Damage    Failure   Level
a - Sandblast             Erth           100%       2d20      0%          1
b - Stone Arrow           Conj/Erth      100%       3d13      1%          3
c - Freezing Cloud        Conj/Ice/Air   41%        6-21      1%          5
d - Fireball              Conj/Fire      32%        3d14      1%          5
e - Permafrost Eruption   Ice/Erth       66%        2x4d18    1%          6
f - Bombard               Conj/Erth      56%        9d9       1%          6
g - Lehudib's Crystal Sp  Conj/Erth      56%        10d13     17%         8
h - Polar Vortex          Ice            55%        12d7*     8%          9

Your spell library contained the following spells:

 Spells                   Type           Power      Damage    Failure   Level
 Chain Lightning          Conj/Air       31%        3d41      100%        9
 Fire Storm               Conj/Fire      32%        8d8       100%        9
 Freeze                   Ice            100%       1d10      0%          1
 Kiss of Death            Conj/Necr      100%       2d13      1%          1
 Ensorcelled Hibernation  Hex/Ice        100%       N/A       1%          2
 Necrotise                Necr           80%        1d8       6%          1
 Jinxbite                 Hex            40%        N/A       9%          2
 Frozen Ramparts          Ice            100%       1d16      0%          3
 Hailstorm                Conj/Ice       95%        3d15      0%          3
 Ozocubu's Armour         Ice            100%       N/A       0%          3
 Passwall                 Erth           100%       N/A       0%          3
 Dazzling Flash           Conj/Hex       100%       N/A       1%          3
 Summon Ice Beast         Ice/Summ       80%        N/A       1%          3
 Volatile Blastmotes      Fire/Tloc      80%        2d16      1%          3
 Animate Armour           Summ/Erth      100%       N/A       1%          4
 Brom's Barrelling Bould  Conj/Erth      100%       2d11      1%          4
 Petrify                  Alch/Erth      95%        N/A       1%          4
 Iskenderun's Battlesphe  Conj           73%        2d12      1%          5
 Lee's Rapid Deconstruct  Erth           64%        3d29*     1%          5
 Metabolic Englaciation   Hex/Ice        40%        N/A       1%          5
 Ozocubu's Refrigeration  Ice            55%        4d19      1%          7
 Borgnjor's Vile Clutch   Necr/Erth      47%        N/A       2%          5
 Sculpt Simulacrum        Ice/Alch       40%        N/A       6%          6
 Conjure Ball Lightning   Conj/Air       31%        3x3d10    13%         6
 Confusing Touch          Hex            20%        N/A       19%         3
 Gell's Gravitas          Tloc           20%        N/A       19%         3
 Teleport Other           Tloc           20%        N/A       19%         3
 Tukima's Dance           Hex            20%        N/A       19%         3
 Vampiric Draining        Necr           20%        2d7       19%         3
 Orb of Destruction       Conj           36%        9d11      21%         7
 Summon Lightning Spire   Summ/Air       34%        N/A       26%         4
 Shatter                  Erth           64%        3d47*     26%         9
 Plasma Beam              Fire/Air       26%        2x1d38    30%         6
 Yara's Violent Unravell  Hex/Alch       10%        3d6       38%         5
 Anguish                  Hex/Necr       10%        N/A       52%         4
 Animate Dead             Necr           20%        N/A       52%         4
 Cause Fear               Hex            10%        N/A       52%         4
 Dispel Undead            Necr           20%        3d11      52%         4
 Manifold Assault         Tloc           20%        N/A       52%         4
 Martyr's Knell           Necr/Summ      20%        N/A       52%         4
 Passage of Golubria      Tloc           20%        N/A       52%         4
 Silence                  Hex/Air        17%        N/A       58%         5
 Spellforged Servitor     Conj/Summ      26%        N/A       82%         7
 Alistair's Intoxication  Alch           13%        N/A       86%         5
 Curse of Agony           Necr           20%        N/A       86%         5
 Summon Forest            Summ/Tloc      10%        N/A       86%         5
 Summon Mana Viper        Hex/Summ       20%        N/A       86%         5
 Eringya's Noxious Bog    Alch           10%        4d6       89%         6
 Death Channel            Necr           10%        N/A       100%        6
 Dispersal                Tloc           10%        N/A       100%        6
 Enfeeble                 Hex            10%        N/A       100%        7
 Haunt                    Necr/Summ      10%        N/A       100%        7
 Malign Gateway           Summ/Tloc      10%        N/A       100%        7
 Monstrous Menagerie      Summ           10%        N/A       100%        7
 Borgnjor's Revivificati  Necr           10%        N/A       100%        8
 Disjunction              Tloc           10%        N/A       100%        8
 Summon Horrible Things   Summ           10%        N/A       100%        8
 Death's Door             Necr           10%        N/A       100%        9


Dungeon Overview and Level Annotations

Branches:
Dungeon (15/15)            Temple (1/1) D:6            Lair (5/5) D:8
 Shoals (4/4) Lair:2       Spider (0/4) Lair:2        Slime (2/5) Lair:5
    Orc (2/2) D:9             Elf (3/3) Orc:2        Vaults (4/5) D:13
  Crypt (1/3) Vaults:3     Depths (2/4) D:15        Ossuary (visited)

Altars:
Ashenzari
Cheibriados
Dithmenos
Elyvilon
Fedhas
Gozag
Hepliaklqana
Kikubaaqudgha
Makhleb
Nemelex Xobeh
Okawaru
Qazlal
Ru
Sif Muna
Trog
Uskayaw
Vehumet
Wu Jian
Xom
Yredelemnul
Zin
The Shining One
Beogh
Jiyva

Shops:
D:4 *   D:13 :   Orc:2 *(??   Elf:2 ?   Shoals:2 *   Shoals:3 *   Shoals:4 [
Vaults:2 *(   Vaults:3 :

Portals:
Hell: Depths:1 Depths:2
Abyss: Depths:1 Depths:2
Pandemonium: Depths:2
Trove: Vaults:4 (give 3 potions of resistance)

Annotations:
Lair:5 1 runed translucent door, Vixoseic's ghost, journeyman TrSh
Depths:2 1 runed translucent door, Etzesk's ghost, veteran TeGl; Josephina


Innate Abilities, Weirdness & Mutations

You are immune to sickness and miasma.
Your stone body is resilient. (AC +16)
You are immune to poison.
Your large and strong wings let you fly.
You resist negative energy. (rN+)
You are resistant to electric shocks. (rElec)
You are resistant to unholy torment.
You are immune to petrification.
Armour fits poorly on your strangely shaped body.
You passively map a small area around you.
You occasionally lose the ability to drink potions when taking damage.


Message History

The caustic shrike simulacrum claws you but does no damage.
The caustic shrike simulacrum claws you.
The caustic shrike simulacrum freezes you!!!
Casting: Permafrost Eruption (safe; 1% risk of failure)
Confirm with . or Enter, or press ? or * to list all spells.
You feel a surge of power!
Bitter cold erupts, blasting rock from the ceiling!
The mass of rock hits Josephina!!
Josephina is heavily damaged.
Piercing cold boils outward!
The piercing cold hits Josephina.
Josephina completely resists.
Josephina is heavily damaged.
The piercing cold hits the caustic shrike simulacrum.
The caustic shrike simulacrum completely resists.
The caustic shrike simulacrum is heavily damaged.
The caustic shrike simulacrum claws you but does no damage.
Casting: Permafrost Eruption (safe; 1% risk of failure)
Confirm with . or Enter, or press ? or * to list all spells.
Okay, then.
Unknown command.
You are confused.
You feel invigorated.
The caustic shrike simulacrum closely misses you.
One of Josephina's icy fingers falls off.
The caustic shrike simulacrum closely misses you.
The caustic shrike simulacrum closely misses you.
The caustic shrike simulacrum claws you but does no damage.
The caustic shrike simulacrum claws you but does no damage. x2
The caustic shrike simulacrum claws you but does no damage. x2
Josephina points at you and mumbles some strange words.
The ghostly flame explodes!
The ghostly fireball engulfs the caustic shrike simulacrum.
The caustic shrike simulacrum completely resists.
The ghostly fireball engulfs Josephina.
Josephina completely resists.
The ghostly fireball engulfs you!! You partially resist.
You feel drained.
* * * LOW HITPOINT WARNING * * *
The caustic shrike simulacrum claws you!
* * * LOW HITPOINT WARNING * * *
The caustic shrike simulacrum freezes you!!!
You die...

* ### * ,.... , , .....
......####
.....LZ@.##############
......##..............##
....., #.############...
* .... *#.# #.## ... #..
, #.# .. , *#### #.# .,
,, , #.# , #.# ,* ###


You could see Josephina and a caustic shrike simulacrum.

Vanquished Creatures
  2 dread liches (Vaults:1)
  Sojobo (Depths:2)
  Boris (Vaults:3)
  Jory (Vaults:3)
  The ghost of martbhell the Slayer, an adept MiBe of Trog (Vaults:1)
  Rupert (Lair:5)
  3 deep elf blademasters
  4 liches
  2 deep elf master archers (Elf:3)
  An acid blob (Slime:2)
  4 sphinxes
  4 tengu reavers
  2 fire giants
  3 storm dragons
  3 azure jellies
  An iron dragon (Vaults:4)
  2 frost giants (Depths:2)
  A balrug (Depths:2)
  5 deep elf elementalists (Elf:3)
  4 orc warlords
  7 deep elf sorcerers (Elf:3)
  8 vault wardens
  4 formless jellyfish
  16 ironbound preservers
  A curse skull (Vaults:3)
  4 spriggan defenders (Depths:2)
  10 ironbound thunderhulks
  3 stone giants (Depths:1)
  3 very ugly things
  4 deep elf demonologists
  2 vampire knights
  10 deep elf annihilators
  11 deep elf death magi (Elf:3)
  A war gargoyle (Vaults:4)
  17 dire elephants
  Snorg (D:14)
  A blizzard demon (Depths:1)
  4 merfolk impalers
  A crystal guardian (Vaults:4)
  8 ettins
  4 fire dragons
  3 merfolk javelineers (Shoals:4)
  10 yaktaur captains
  2 vault guards
  3 great orbs of eyes
  A quicksilver dragon skeleton (Vaults:4)
  2 entropy weavers
  2 rakshasas (Depths:1)
  8 deep elf high priests
  5 ice dragons
  A spriggan air mage (Depths:2)
  3 peacekeepers
  An ogre mage (D:14)
  3 hydras
  3 alligator snapping turtles
  3 boulder beetles
  9 ironbound frosthearts
  3 catoblepae
  11 centaur warriors
  11 two-headed ogres
  42 dancing weapons
  2 merfolk avatars (Shoals:3)
  18 death yaks
  A death knight (D:15)
  A merfolk aquamancer (Shoals:2)
  8 deep troll shamans
  5 vampire magi
  Urug (D:12)
  An orc high priest (Orc:2)
  6 tengu warriors
  A shock serpent (shapeshifter) (Vaults:4)
  6 deep troll earth magi
  5 spriggan berserkers
  An occultist (Depths:1)
  14 deep elf knights
  5 skysharks
  Amaemon (Lair:3)
  A skyshark (shapeshifter) (Elf:1)
  A sixfirhy (Depths:2)
  5 iron trolls
  A spark wasp zombie (Depths:2)
  7 sea snakes
  A bog body (Crypt:1)
  4 phantasmal warriors
  6 deep elf archers
  2 glowing orange brains
  Pikel (D:5)
  51 deep trolls
  26 harpies
  9 arcanists
  9 lindwurms
  10 ironbound convokers
  An obsidian bat (Orc:1)
  5 necromancers
  4 thermic dynamos (Elf:3)
  A steelbarb worm (shapeshifter) (Depths:2)
  18 orc knights
  A fire giant zombie (Vaults:2)
  23 deep elf zephyrmancers
  A frost giant zombie (Depths:2)
  42 ugly things
  29 deep elf pyromancers
  3 orc sorcerers (Orc:2)
  18 manticores
  A shining eye (Slime:1)
  8 cyclopes
  11 fauns
  3 meliai (D:14)
  A black mamba (Lair:2)
  7 elephants
  A kobold blastminer (Orc:1)
  A water nymph (shapeshifter) (Elf:1)
  2 water nymphs
  13 vault sentinels
  An eye of devastation (Slime:2)
  A torpor snail (Lair:1)
  5 merfolk sirens
  A cane toad (shapeshifter) (Elf:1)
  4 gargoyles
  An orange demon (Lair:3)
  Maggie (D:6)
  11 cane toads
  5 rime drakes
  A black draconian zombie (Crypt:1)
  A human zombie (Vaults:2)
  15 komodo dragons
  3 unseen horrors
  2 golden dragon simulacra (Depths:2)
  2 tengu conjurers
  2 efreet
  17 merfolk
  20 yaktaurs
  A queen bee (Orc:1)
  5 trolls
  7 polar bears
  Prince Ribbit (D:5)
  2 hornets (Depths:1)
  9 wind drakes
  14 blink frogs
  A wolf spider simulacrum (D:15)
  A raiju (shapeshifter) (Elf:1)
  4 saltlings (Orc:2)
  8 dream sheep
  A fire giant simulacrum (Vaults:4)
  A human simulacrum (Vaults:2)
  8 snapping turtles
  A centaur simulacrum (D:15)
  26 slime creatures
  A radroach zombie (Crypt:1)
  3 spriggans
  A culicivora (shapeshifter) (Elf:3)
  Sigmund (D:5)
  3 jumping spiders
  2 air elementals
  2 ettin skeletons
  A yak (shapeshifter) (Elf:1)
  10 water elementals
  3 wraiths
  6 wyverns
  2 vampires
  A spriggan (shapeshifter) (D:14)
  2 fire elementals
  Eustachio (D:5)
  5 golden eyes (Slime:2)
  10 yaks
  5 redbacks
  3 wargs
  2 vampire mosquitoes (D:11)
  5 basilisks
  Menkaure (D:7)
  Edmund (D:6)
  10 water moccasins
  Duvessa (D:5)
  3 sky beasts (D:7)
  An ice beast (D:6)
  27 orc warriors
  A meliai simulacrum (D:14)
  5 laughing skulls
  5 black bears
  16 wolves
  9 ogres
  A boggart (shapeshifter) (Elf:1)
  6 centaurs
  4 boggarts (Vaults:1)
  4 lemures
  A phantom (D:6)
  3 kobold brigands
  2 gnoll sergeants
  13 bullfrogs
  An earth elemental (Elf:1)
  A glowing shapeshifter simulacrum (Vaults:4)
  4 scorpions
  A burial acolyte (Ossuary)
  5 wights
  Dowan (D:5)
  23 killer bees (Orc:1)
  2 howler monkeys
  A crimson imp (D:6)
  2 bombardier beetles
  A hound (D:7)
  A hound (shapeshifter) (D:13)
  7 jellies
  12 orc priests
  Crazy Yiuf (D:7)
  3 iguanas (D:5)
  20 orc wizards
  A hell rat (Lair:5)
  A mummy (Ossuary)
  8 gnolls
  6 adders
  8 river rats (Lair:5)
  2 shadow imps
  A white imp (D:7)
  2 ufetubi (D:6)
  7 dart slugs
  2 ribbon worms
  88 orcs
  10 endoplasms
  5 giant cockroaches
  8 goblins
  7 hobgoblins
  3 jackals (D:1)
  4 quokkas
  5 ball pythons
  4 bats
  5 frilled lizards (D:1)
  5 gnoll skeletons (Ossuary)
  26 kobolds
  6 kobold skeletons (Ossuary)
  9 orc skeletons (Ossuary)
  5 rats
1376 creatures vanquished.

Vanquished Creatures (others)
  A merfolk aquamancer (Shoals:1)
  A spark wasp simulacrum (Depths:2)
  A frost giant simulacrum (Depths:2)
  A water elemental (Shoals:2)
4 creatures vanquished.

Grand Total: 1380 creatures vanquished

Notes
Turn   | Place    | Note
-------+----------+-------------------------------------------
     0 | D:1      | Essalna the Gargoyle Earth Elementalist began the quest for
                  | the Orb.
     0 | D:1      | Reached XP level 1. HP: 10/10 MP: 3/3
   127 | D:1      | Reached XP level 2. HP: 16/16 MP: 3/5
   297 | D:1      | Reached skill level 1 in Fighting
   394 | D:1      | Reached XP level 3. HP: 16/20 MP: 1/6
   845 | D:2      | Learned a level 3 spell: Stone Arrow
  1060 | D:2      | Reached XP level 4. HP: 26/26 MP: 5/7
  1114 | D:2      | Found a faded altar of an unknown god.
  1899 | D:3      | Reached XP level 5. HP: 31/31 MP: 7/9
  2579 | D:4      | Found Riuxzoi's Assorted Antiques.
  2595 | D:4      | Bought a scroll labelled OCWYESI YVES for 28 gold pieces
  2595 | D:4      | Bought a scroll labelled BOLAYZ QEIMN for 28 gold pieces
  2865 | D:4      | HP: 1/32 [sleepcap (2)]
  2866 | D:4      | Reached skill level 5 in Earth Magic
  2866 | D:4      | Reached XP level 6. HP: 1/36 MP: 2/10
  2883 | D:5      | Entered Level 5 of the Dungeon
  3106 | D:5      | Noticed Sigmund
  3108 | D:5      | Killed Sigmund
  3182 | D:5      | Reached XP level 7. HP: 21/41 MP: 4/12
  3468 | D:5      | Noticed Duvessa
  3468 | D:5      | Noticed Dowan
  3471 | D:5      | Killed Duvessa
  3473 | D:5      | Killed Dowan
  3476 | D:5      | Reached XP level 8. HP: 41/48 MP: 1/15
  3600 | D:5      | Noticed Pikel
  3992 | D:4      | Found a shimmering blue altar of Sif Muna.
  4052 | D:4      | Found a glowing silver altar of Zin.
  4172 | D:5      | Reached skill level 5 in Fighting
  4291 | D:5      | Killed Pikel
  4292 | D:5      | Reached skill level 5 in Spellcasting
  4418 | D:5      | Noticed Eustachio
  4418 | D:5      | Noticed Prince Ribbit
  4426 | D:5      | Killed Eustachio
  4428 | D:5      | Killed Prince Ribbit
  4429 | D:5      | Reached XP level 9. HP: 57/57 MP: 3/16
  4754 | D:6      | Found a burning altar of Makhleb.
  4790 | D:6      | Noticed Edmund
  4799 | D:6      | Killed Edmund
  4800 | D:6      | Found a glowing golden altar of the Shining One.
  4829 | D:6      | Found a sand-covered staircase.
  4856 | Ossuary  | Entered an ossuary
  5339 | D:6      | Noticed a green ugly thing
  5358 | D:7      | Noticed Menkaure
  5366 | D:7      | Reached skill level 10 in Earth Magic
  5377 | D:7      | Killed Menkaure
  5532 | D:7      | Found an ancient bone altar of Kikubaaqudgha.
  5712 | D:6      | Killed a green ugly thing
  5713 | D:6      | Reached XP level 10. HP: 47/66 MP: 8/17
  5851 | D:6      | Found a shimmering altar of Xom.
  6391 | D:6      | Noticed Maggie
  6392 | D:6      | Found a staircase to the Ecumenical Temple.
  6401 | D:6      | Killed Maggie
  6603 | Temple   | Entered the Ecumenical Temple
  6614 | Temple   | Became a worshipper of Vehumet
  6757 | D:7      | Reached skill level 10 in Fighting
  7044 | D:7      | Identified the +5 trident "Futeq" {pain, rF+ rC- Str+3}
  7181 | D:7      | Found a runed translucent door.
  7182 | D:7      | Noticed Crazy Yiuf
  7187 | D:7      | Killed Crazy Yiuf
  7352 | D:7      | Found a snail-covered altar of Cheibriados.
  7492 | D:8      | Found a stormy altar of Qazlal.
  7517 | D:8      | Reached skill level 1 in Armour
  7671 | D:8      | Noticed a two-headed ogre
  7680 | D:8      | Killed a two-headed ogre
  7699 | D:8      | Killed an unseen horror
  7996 | D:8      | Found a shadowy altar of Dithmenos.
  8030 | D:8      | Noticed an elephant
  8065 | D:8      | Killed an elephant
  8317 | D:8      | Found a staircase to the Lair.
  8439 | D:8      | Reached * piety under Vehumet
  8439 | D:8      | Offered knowledge of Freeze by Vehumet.
  8514 | D:8      | Reached XP level 11. HP: 73/73 MP: 16/18
  9007 | D:9      | Found a broken altar of Ashenzari.
  9435 | D:9      | Found a blossoming altar of Fedhas.
  9454 | D:9      | Noticed a two-headed ogre
  9460 | D:9      | Killed a two-headed ogre
  9719 | D:9      | Reached ** piety under Vehumet
  9719 | D:9      | Offered knowledge of Shock by Vehumet.
  9768 | D:9      | Found a staircase to the Orcish Mines.
 10048 | Orc:1    | Entered Level 1 of the Orcish Mines
 10264 | Orc:2    | Entered Level 2 of the Orcish Mines
 10264 | Orc:2    | Found a staircase to the Elven Halls.
 10497 | Orc:2    | Noticed an orc knight
 10629 | Orc:1    | Noticed an ettin
 10629 | Orc:1    | Noticed an orc sorcerer
 10638 | Orc:2    | Killed an ettin
 10650 | Orc:2    | Gained mutation: You occasionally lose the ability to drink
                  | potions when taking damage. [a neqoxec]
 10654 | Orc:2    | Killed an orc sorcerer
 10893 | Orc:1    | Offered knowledge of Mephitic Cloud by Vehumet.
 11147 | Orc:1    | Noticed an orc knight
 11150 | Orc:1    | Reached *** piety under Vehumet
 11332 | Orc:1    | Noticed a two-headed ogre
 11378 | Orc:1    | Killed a two-headed ogre
 11477 | Orc:1    | Noticed an obsidian bat
 11481 | Orc:1    | Killed an obsidian bat
 11623 | Orc:2    | Offered knowledge of Olgreb's Toxic Radiance by Vehumet.
 11775 | Orc:2    | Reached XP level 12. HP: 82/82 MP: 2/19
 12259 | Orc:1    | Reached skill level 15 in Earth Magic
 12330 | Orc:1    | Reached **** piety under Vehumet
 12576 | Orc:1    | Offered knowledge of Freezing Cloud by Vehumet.
 14267 | Orc:2    | Noticed a two-headed ogre
 14271 | Orc:2    | Killed a two-headed ogre
 14322 | Orc:2    | Noticed an orc warlord
 14322 | Orc:2    | Noticed a two-headed ogre
 14445 | Orc:2    | Killed a two-headed ogre
 14549 | D:10     | Entered Level 10 of the Dungeon
 14711 | D:10     | Noticed a two-headed ogre
 14717 | D:10     | Killed a two-headed ogre
 14843 | D:10     | Learned a level 5 spell: Freezing Cloud
 14844 | D:10     | Noticed a two-headed ogre
 14849 | D:10     | Killed a two-headed ogre
 14850 | D:10     | Reached skill level 1 in Ice Magic
 15064 | D:10     | Reached skill level 1 in Air Magic
 15207 | D:10     | Reached XP level 13. HP: 91/91 MP: 7/20
 15802 | D:11     | Reached skill level 2 in Ice Magic
 15813 | D:11     | Reached skill level 15 in Fighting
 16453 | D:12     | Reached skill level 3 in Ice Magic
 16571 | D:12     | Identified the +12 halberd of the Goat {drain, Str+2}
 16709 | D:12     | Noticed Urug
 16770 | D:12     | Killed Urug
 16770 | D:12     | Reached ***** piety under Vehumet
 16770 | D:12     | Offered knowledge of Arcjolt by Vehumet.
 17168 | D:13     | Noticed a vault guard
 17170 | D:13     | Reached skill level 4 in Ice Magic
 17185 | D:13     | Killed a vault guard
 17260 | D:13     | Found a gate to the Vaults.
 17495 | D:13     | Found Fausch's Book Shoppe.
 18363 | Lair:1   | Entered Level 1 of the Lair of Beasts
 18577 | Lair:1   | Gained mutation: Your large and strong wings let you fly.
                  | [Gargoyle growth]
 18577 | Lair:1   | Reached XP level 14. HP: 86/102 MP: 5/21
 18636 | Lair:1   | Got Qunt's Writings on Superposition
 18982 | Lair:1   | Identified the +5 morningstar of Gravity {freeze, rElec
                  | Int+2}
 18990 | Lair:1   | Identified the +4 swamp dragon scales "Horinurr" {rPois
                  | rF+}
 19724 | Lair:2   | Reached skill level 5 in Armour
 19837 | Lair:2   | Found a staircase to the Shoals.
 19878 | Lair:2   | Reached skill level 5 in Ice Magic
 20214 | Lair:2   | Offered knowledge of Lee's Rapid Deconstruction by Vehumet.
 20359 | Lair:2   | Found a hole to the Spider Nest.
 20798 | Lair:3   | Reached skill level 6 in Ice Magic
 21070 | Lair:3   | Noticed Amaemon
 21102 | Lair:3   | Killed Amaemon
 21777 | Lair:4   | Reached skill level 7 in Ice Magic
 22305 | Lair:4   | Found a white marble altar of Elyvilon.
 22347 | Lair:4   | Reached skill level 8 in Ice Magic
 22749 | Lair:5   | Entered Level 5 of the Lair of Beasts
 22749 | Lair:5   | Found a glowing silver altar of Zin.
 23009 | Lair:5   | Reached XP level 15. HP: 108/108 MP: 13/22
 23434 | Lair:5   | Found a runed translucent door.
 23435 | Lair:5   | Noticed Vixoseic's ghost (journeyman TrSh)
 23500 | Lair:5   | Found a viscous altar of Jiyva.
 23510 | Lair:5   | Reached skill level 9 in Ice Magic
 23613 | Lair:5   | Found a staircase to the Slime Pits.
 23616 | Lair:5   | Noticed Rupert
 23633 | Lair:5   | Killed Rupert
 23780 | Lair:5   | Reached skill level 10 in Armour
 23857 | Lair:5   | Reached skill level 10 in Ice Magic
 24421 | Shoals:1 | Entered Level 1 of the Shoals
 24571 | Shoals:1 | Reached skill level 11 in Ice Magic
 24637 | Shoals:1 | Offered knowledge of Fireball by Vehumet.
 24674 | Shoals:1 | Found Buowuel's Assorted Antiques.
 25286 | Shoals:1 | Reached skill level 12 in Ice Magic
 25425 | Shoals:1 | Identified a scroll of acquirement
 25425 | Shoals:1 | Acquired a manual of Conjurations
 25695 | Shoals:2 | Found Dezaosk's General Store.
 25699 | Shoals:2 | Identified the +2 scimitar of Giuzukhla {freeze, rC+ rCorr
                  | Str+3}
 25712 | Shoals:1 | Learned a level 5 spell: Fireball
 26066 | Shoals:2 | Reached skill level 1 in Fire Magic
 26107 | Shoals:2 | Reached skill level 5 in Conjurations
 27237 | Shoals:3 | Found Zezar's Assorted Antiques.
 27251 | Shoals:3 | Reached XP level 16. HP: 110/114 MP: 10/23
 27340 | Shoals:3 | Identified the +7 flail "Death Rattle" {freeze, ^Fragile
                  | rC+ Will+}
 27529 | Shoals:3 | Reached skill level 5 in Fire Magic
 27687 | Shoals:3 | Offered knowledge of Permafrost Eruption by Vehumet.
 27696 | Shoals:3 | Learned a level 6 spell: Permafrost Eruption
 27958 | Shoals:3 | Reached skill level 10 in Conjurations
 28234 | Shoals:4 | Entered Level 4 of the Shoals
 28457 | Shoals:4 | Found Garshasp's Dragon-Slaying Spoils.
 28829 | Shoals:4 | Got a barnacled rune of Zot
 29806 | Orc:2    | Found Bogo Mos's Assorted Antiques.
 29808 | Orc:2    | Found Quqicoh's Weapon Shoppe.
 29809 | Orc:2    | Found a roughly hewn altar of Beogh.
 29835 | Orc:2    | Found Hin Xeateg's Magic Scroll Boutique.
 29868 | Orc:2    | Found Hedducw's Magic Scroll Shoppe.
 30130 | Elf:1    | Entered Level 1 of the Elven Halls
 30135 | Elf:1    | Reached skill level 13 in Ice Magic
 30254 | Elf:1    | Reached XP level 17. HP: 120/120 MP: 24/27
 30299 | Elf:1    | Offered knowledge of Irradiate by Vehumet.
 30380 | Elf:1    | Got the Papyrus of Essence and the Maleficium
 30597 | Elf:1    | Reached skill level 1 in Shields
 30767 | Elf:1    | Found a runed translucent door.
 30808 | Elf:1    | Found Peateh's Self-Published Books.
 32109 | Elf:2    | Found a runed translucent gate.
 32110 | Elf:2    | Found a runed translucent gate.
 32267 | Elf:2    | Found a runed translucent gate.
 32472 | Elf:2    | Found The Oracle's Delphic Readings.
 32589 | Elf:2    | Reached skill level 5 in Shields
 32638 | Elf:2    | Noticed a deep elf blademaster
 32640 | Elf:2    | Killed a deep elf blademaster
 32649 | Elf:2    | Reached skill level 14 in Ice Magic
 32755 | Elf:2    | Reached ****** piety under Vehumet
 33144 | Elf:2    | Reached XP level 18. HP: 128/128 MP: 24/30
 33425 | Elf:3    | Entered Level 3 of the Elven Halls
 33589 | Elf:3    | Noticed a deep elf blademaster
 33595 | Elf:3    | Killed a deep elf blademaster
 33595 | Elf:3    | Noticed a deep elf blademaster
 33619 | Elf:3    | Killed a deep elf blademaster
 33626 | Elf:3    | Killed a ghostly deep elf blademaster
 33877 | Elf:3    | Noticed a Brimstone Fiend
 33880 | Elf:3    | Gained mutation: Armour fits poorly on your strangely
                  | shaped body. [a neqoxec]
 33881 | Elf:3    | Noticed a deep elf master archer
 33882 | Elf:3    | Noticed a Hell Sentinel
 33907 | Elf:3    | Killed a deep elf master archer
 34156 | Elf:3    | Offered knowledge of Ozocubu's Refrigeration by Vehumet.
 34213 | Elf:3    | Reached skill level 15 in Ice Magic
 34216 | Elf:3    | Identified the ring of Ral Rois {rN+ rCorr EV+5 Int-5}
 34218 | Elf:3    | Reached skill level 10 in Spellcasting
 34312 | Elf:3    | Identified the amulet of Inoc {Acrobat Str+5 Int-4 Stlth+}
 34315 | Elf:3    | Identified the +5 spear of Dissatisfaction {drain, rN+}
 34392 | Elf:3    | Identified the +0 plate armour of the Depths {rF+ rC+
                  | Int+3}
 34518 | Elf:3    | Noticed a deep elf master archer
 34520 | Elf:3    | Killed a deep elf master archer
 34634 | Elf:3    | Found the +8 trident of the Octopus King {venom, rElec
                  | rPois}
 34646 | Elf:3    | Identified the +4 quarterstaff of Propriety {drain, Will+}
 34658 | Elf:3    | Got the Elucidation of Ironbound Guile
 34774 | Elf:3    | Got the Atlas of Cohobation and the Faeries
 34794 | Elf:3    | Identified the ring of Xeasag {rPois rC+ Dex+6}
 34829 | Elf:3    | Identified the ring of Finality {+Blink rElec rF+ rCorr
                  | Stlth-}
 35238 | Elf:3    | Got Sif Muna's Handbook of the Nival Anticline
 35665 | Slime:1  | Entered Level 1 of the Pits of Slime
 35675 | Slime:1  | Gained mutation: You passively map a small area around you.
                  | [a shining eye]
 35679 | Slime:1  | Reached XP level 19. HP: 133/133 MP: 13/33
 36224 | Vaults:1 | Entered Level 1 of the Vaults
 36594 | Vaults:1 | Identified the +1 robe "Ithrileik" {+Blink rElec rPois}
 36840 | Vaults:1 | Offered knowledge of Lehudib's Crystal Spear by Vehumet.
 36913 | Vaults:1 | Reached skill level 16 in Ice Magic
 37013 | Vaults:1 | Learned a level 6 spell: Bombard
 37028 | Vaults:1 | Identified the +4 hand axe "Toeho" {vamp, rF+}
 37085 | Vaults:1 | Noticed a dread lich
 37086 | Vaults:1 | Found a runed translucent gate.
 37086 | Vaults:1 | Found a runed translucent gate.
 37086 | Vaults:1 | Found an ancient bone altar of Kikubaaqudgha.
 37086 | Vaults:1 | Noticed a dread lich
 37086 | Vaults:1 | Noticed martbhell's ghost (adept MiBe)
 37087 | Vaults:1 | Found a runed translucent gate.
 37332 | Vaults:1 | Noticed a Brimstone Fiend
 37339 | Vaults:1 | Noticed a Tzitzimitl
 37347 | Vaults:1 | Killed a dread lich
 37660 | Vaults:1 | Identified the +0 hat "Diabbul" {rPois rN+ Str+2 Int-2
                  | Slay+3}
 37672 | Vaults:1 | Identified the ring "Unougiz" {Will- rCorr Str+6}
 37784 | Vaults:1 | Killed a dread lich
 38321 | Vaults:2 | HP: 2/133 [ironbound frostheart/creeping frost (16)]
 38912 | Vaults:2 | Reached XP level 20. HP: 144/144 MP: 18/36
 39074 | Vaults:2 | Identified the +4 war axe "Qecosa" {elec, +Blink}
 39309 | Vaults:2 | Learned a level 8 spell: Lehudib's Crystal Spear
 39374 | Vaults:2 | Offered knowledge of Fire Storm by Vehumet.
 39374 | Vaults:2 | Offered knowledge of Chain Lightning by Vehumet.
 39374 | Vaults:2 | Offered knowledge of Polar Vortex by Vehumet.
 39642 | Vaults:2 | Reached skill level 17 in Ice Magic
 39712 | Vaults:2 | Found Kempaol's Weapon Shop.
 39752 | Vaults:2 | Upgraded the game from 0.32-a0-791-gfc315c9ecd to
                  | 0.32-a0-798-gfa783ce77f
 39871 | Vaults:2 | Found Fuhistri's Assorted Antiques.
 39875 | Vaults:2 | Bought a scroll of blinking for 285 gold pieces
 39875 | Vaults:2 | Bought a scroll of blinking for 285 gold pieces
 39875 | Vaults:2 | Bought a ruby potion for 34 gold pieces
 40267 | Vaults:1 | Killed martbhell's ghost
 40681 | Vaults:3 | Found Fimass's Book Boutique.
 40893 | Vaults:3 | Found a staircase to the Crypt.
 40908 | Vaults:3 | Reached skill level 18 in Ice Magic
 40968 | Vaults:3 | Noticed Jory
 40972 | Vaults:3 | Killed Jory
 41134 | Vaults:3 | Identified the +2 robe of Zaakom {rF+ Int+2}
 41134 | Vaults:3 | Noticed Boris
 41199 | Vaults:3 | Killed Boris
 41278 | Vaults:3 | Learned a level 9 spell: Polar Vortex
 41854 | Vaults:4 | Found a flickering gateway to a bazaar.
 41874 | Vaults:4 | Reached skill level 19 in Ice Magic
 41915 | Bazaar   | Entered a bazaar
 41915 | Bazaar   | Found Cageytop's Assorted Antiques.
 41915 | Bazaar   | Found Jofany's Jewellery Boutique.
 41938 | Bazaar   | Found Xaosuez's Book Boutique.
 41987 | Bazaar   | Found Jicy's Weapon Shop.
 42351 | Vaults:4 | Reached XP level 21. HP: 145/148 MP: 31/37
 42552 | Vaults:4 | Reached skill level 20 in Ice Magic
 42712 | Vaults:4 | Reached skill level 21 in Ice Magic
 42727 | Vaults:4 | Found a portal to a secret trove of treasure.
 42957 | Vaults:4 | Acquired a manual of Air Magic
 43302 | Crypt:1  | Entered Level 1 of the Crypt
 43965 | D:14     | Noticed Snorg
 43967 | D:14     | Killed Snorg
 44562 | D:15     | Entered Level 15 of the Dungeon
 45276 | D:15     | Found a staircase to the Depths.
 45303 | Depths:1 | Entered Level 1 of the Depths
 45325 | Depths:1 | Reached skill level 22 in Ice Magic
 45488 | Depths:1 | Found a gateway to Hell.
 45748 | Depths:1 | Found a one-way gate to the infinite horrors of the Abyss.
 45869 | Depths:1 | Got the Anthology of Decalescent Displacement
 45884 | Depths:1 | Reached XP level 22. HP: 143/155 MP: 21/38
 46350 | Depths:2 | Reached skill level 23 in Ice Magic
 46783 | Depths:2 | Found an iron altar of Okawaru.
 46882 | Depths:2 | Noticed Sojobo
 46894 | Depths:2 | Killed Sojobo
 47199 | Depths:2 | Reached skill level 24 in Ice Magic
 47391 | Depths:2 | Found a runed translucent door.
 47436 | Depths:2 | Noticed Etzesk's ghost (veteran TeGl)
 47591 | Depths:2 | Found a one-way gate leading to the halls of Pandemonium.
 47789 | Depths:2 | Identified the ring of the Peculiar Eyes {Ice rPois Str+4
                  | Stlth+}
 47789 | Depths:2 | Noticed Josephina
 47802 | Depths:2 | Annihilated by a caustic shrike simulacrum

Illustrated notes

Levels and vault maps discovered:
D:1:      lightli_arrival_chessboard, layout_rooms
D:2:      layout_basic, chequers_ecumenical_altar_island
D:3:      layout_basic, serial_curves, eino_curves_04, eino_curves_03
D:4:      layout_rooms, zin_academy, lemuel_crystal_altar, serial_shops, shop,
          corexii_leaking_fountain
D:5:      layout_gridville, uniq_eustachio, uniq_sigmund, uniq_pikel,
          uniq_duvessa, uniq_prince_ribbit1
D:6:      layout_loops_corners, makhleb_grotto_becter, xom_teletrap_fun,
          tso_metal_star, temple_hall, enter_ossuary_3,
          minmay_chambers_of_fives, uniq_edmund, uniq_maggie
D:7:      layout_cave_pools, cheibrodos_worm_habitat,
          mainiacjoe_overflow_24_doors, minmay_misc_feat_hallway,
          hangedman_decor_points, uniq_crazy_yiuf_cottage, uniq_menkaure
D:8:      layout_gridville, grunt_qazlal_clouds, grunt_dithmenos_smoke,
          grunt_lair_entry_orc_guard_hut
D:9:      layout_loops_corners, nicolae_ashenzari_skybound, fedhas_altar_3,
          orc_0_dummy, minmay_strange_pillars
D:10:     layout_cave_pods
D:11:     layout_cave_pools, nicolae_straight_to_the_point
D:12:     layout_roguey, uniq_urug
D:13:     layout_stronghold, david_vaults_5, serial_shops, shop
D:14:     layout_irregular_city, nicolae_elevator_lobby_asterisk, uniq_snorg
D:15:     grunt_enter_depths_hoard, layout_loops_ring,
          ebering_dispersal_statue_hall, serial_glass, glass_columns_c,
          glass_columns_a
Temple:   chequers_temple_sunken
Lair:1:   regret_index_malice_mire, layout_chaotic_city
Lair:2:   layout_cave_pods, elwin_shoals_entry_rocks, spider_nest_entry_a,
          grunt_forest_stairs_clearing, lemuel_fruit_fields
Lair:3:   layout_regular_city, serial_bayou_pond_d, uniq_amaemon
Lair:4:   layout_regular_city, basic_altar
Lair:5:   grunt_lair_end_beastmaster, layout_loops_ring,
          nicolae_slime_entry_field_trip, basic_altar, gammafunk_ghost_grave,
          kennysheep_rathole, infiniplex_staircase_pool_2, uniq_rupert
Shoals:1: layout_shoals, serial_shops, shop
Shoals:2: layout_shoals, serial_shops, nicolae_shop_just_a_little_nook
Shoals:3: layout_shoals, nicolae_shoals_c_island
Shoals:4: shoals_end_simple, layout_shoals, nicolae_shop_dragon_depot
Slime:1:  layout_caves
Slime:2:  layout_caves
Orc:1:    minmay_goldmine, layout_caves, special_room [special_room_bee]
Orc:2:    hellmonk_orc_salted, layout_caves, nicolae_orc_stony_grotto
Elf:1:    minmay_elf_arrival_summoners, layout_gridlike,
          nicolae_elf_shapeshifter_party, nicolae_custom_books,
          hangedman_elven_pyramids, nicolae_danse_macabre
Elf:2:    nicolae_elf_blades_splatter_lattice [nicolae_blade_bullseye],
          layout_rooms, nicolae_nh_oracle_at_delphi
Elf:3:    nooodl_elf_gasket, layout_gridlike
Vaults:1: gammafunk_ghost_crypt, grunt_vaults_trifunnel, vaults_dpeg_hooks,
          nicolae_vaults_storage_closets_3, lightli_orcish_oven,
          nicolae_vaults_house_3, nicolae_vaults_lightning_bolt,
          nicolae_vaults_diamond_1, nicolae_vaults_double_plus_1,
          nicolae_vaults_tetromino_L_2, layout_vaults_quadrants
Vaults:2: hangedman_vaults_capsules, nicolae_vaults_double_plus_3, v_misc_24,
          nicolae_vaults_security_offices_6,
          nicolae_vaults_taking_the_gang_shopping,
          nicolae_vaults_more_shelving_2, nicolae_vaults_network_periphery,
          grunt_vaults_hallway_short, nicolae_vaults_six-pack,
          nicolae_vaults_trapezoid_layered, hangedman_vaults_stream,
          layout_vaults_ring, serial_shops, nicolae_shop_back_alley_shop
Vaults:3: nicolae_vaults_network_quinsquares
          [nicolae_vaults_network_quincunx_subvault,
          nicolae_vaults_network_quincunx_subvault,
          nicolae_vaults_network_quincunx_subvault,
          nicolae_vaults_network_quincunx_subvault],
          minmay_crypt_entry_simple_sparse, vaults_room_semicircle, v_misc_3,
          hangedman_vaults_nodes, v_misc_11, ontoclasm_vaults_chip,
          nicolae_vaults_six-pack, nicolae_vaults_theta, nicolae_vaults_house_1,
          grunt_vaults_bifocal, layout_vaults_maze_snakey, serial_shops,
          nicolae_shop_stone, uniq_boris, uniq_jory
Vaults:4: nicolae_vaults_alarming, grunt_vaults_funnel,
          nicolae_vaults_tetromino_Z_2, dpeg_vaults_pockets_of_resistance,
          nicolae_vaults_six-pack, nicolae_vaults_trapezoid_lopsided_2,
          ontoclasm_vaults_ring_small, nicolae_vaults_house_1,
          nicolae_vaults_prndl, nicolae_vaults_trapezoid_2, v_misc_4,
          vaults_room_door_ring, v_alt_pattern_4,
          nicolae_vaults_oval_intersection, nicolae_vaults_apartment_1,
          ontoclasm_vaults_idyll, vaults_room_hallway, layout_vaults_big_cross,
          serial_shops, bzr_entry_lakeside, enter_trove_2
Crypt:1:  layout_misc_corridors, grunt_crypt_arrival_webbed
Depths:1: layout_basic, serial_rivers, chequers_serial_rivers_micro_a,
          chequers_serial_rivers_small_b, chequers_serial_rivers_micro_a,
          chequers_serial_rivers_micro_a, chequers_serial_rivers_large_b,
          grunt_decor_cap, abyss_entry_glasseish, hangedman_coc_ice_floe,
          cheibrodos_lost_city_excavation
Depths:2: minmay_bubble_buster, layout_gridlike, abyss_entry_small_statue_room,
          rand_demon_pan_entry_4, ebering_ghost_inner_flame, hell_entry,
          okawaru_altar_gauntlet_db, infiniplex_staircase_pool_1, uniq_sojobo,
          uniq_josephina

Skill      XL: |  1  2  3  4  5  6  7  8  9 10 11 12 13 14 15 16 17 18 19 20 21 22 |
---------------+-------------------------------------------------------------------+-----
Fighting       | 1 2 3 4 7 9 10 12 14 17 18 19 21 | 21.2
Earth Magic    | 4 5 6 9 11 12 14 16 17 18 19 20 21 | 21.1
Conjurations   | 2 3 4 7 10 | 10.0
Spellcasting   | 3 4 5 6 8 10 12 | 12.2
Armour         | 3 4 9 10 | 10.0
Dodging        | 3 4 |  4.0
Ice Magic      | 1 4 8 12 13 14 15 16 19 22 24 | 24.2
Air Magic      | 1 4 |  4.0
Fire Magic     | 3 5 |  5.6
Shields        | 5 |  5.0
Stealth        | |  2.1

Action                     |  1- 3 |  4- 6 |  7- 9 | 10-12 | 13-15 | 16-18 | 19-21 | 22-24 || total
---------------------------+-------+-------+-------+-------+-------+-------+-------+-------++-------
  Melee: Unarmed           |    20 |     1 |       |       |       |       |       |       ||    21
         Dagger            |       |       |     9 |   108 |     1 |       |       |       ||   118
         Trident           |       |       |       |    23 |       |       |       |       ||    23
         Staff             |       |       |       |       |    14 |     2 |    19 |     9 ||    44
   Cast: Sandblast         |    53 |    78 |   102 |   179 |    82 |    36 |    15 |       ||   545
         Stone Arrow       |       |       |    32 |   242 |   646 |    67 |    45 |       ||  1032
         Freezing Cloud    |       |       |       |       |    24 |    12 |     2 |       ||    38
         Permafrost Erupti |       |       |       |       |       |   284 |   470 |    89 ||   843
         Bombard           |       |       |       |       |       |       |    36 |       ||    36
         Polar Vortex      |       |       |       |       |       |       |       |     3 ||     3
  Evoke: Wand              |       |       |       |     1 |    12 |       |       |       ||    13
    Use: Scroll            |       |     3 |     5 |     7 |    14 |     3 |    15 |       ||    47
         Potion            |       |     1 |     2 |     1 |       |     3 |     4 |     1 ||    12
 Armour: Robe              |    33 |    23 |    71 |    73 |       |       |       |       ||   200
         Troll leather arm |       |       |       |   242 |   119 |       |       |       ||   361
         Swamp dragon scal |       |       |       |       |   378 |   261 |   254 |    50 ||   943
  Dodge: Dodged            |    23 |    19 |    31 |   462 |   425 |   109 |    99 |    21 ||  1189
  Block: Buckler           |       |       |       |       |       |    28 |    40 |     5 ||    73

Table legend: (Time is in decaauts)
 A = Elapsed time spent in this place.
 B = Non-inter-level travel time spent in this place.
 C = Inter-level travel time spent in this place.
 D = Time resting spent in this place.
 E = Time spent auto-exploring this place.
 F = Levels seen in this place.
 G = Mean time per level.
                   A        B        C        D        E       F      G
               +--------+--------+--------+--------+--------+-----+--------+
         Total |  48190 |  45462 |   2728 |   2218 |  36186 |  41 | 1175.4 |
       Dungeon |  15663 |  14531 |   1132 |    359 |  12141 |  15 | 1044.2 |
        Temple |     22 |      2 |     20 |      0 |      0 |   1 |   22.0 |
          Lair |   6387 |   5835 |    552 |      0 |   4905 |   5 | 1277.4 |
        Shoals |   4962 |   4763 |    199 |    505 |   3659 |   4 | 1240.5 |
    Slime Pits |    254 |    252 |      2 |      0 |    186 |   2 |  127.0 |
  Orcish Mines |   5294 |   5159 |    135 |    983 |   3151 |   2 | 2647.0 |
   Elven Halls |   5270 |   5114 |    156 |      0 |   4309 |   3 | 1756.7 |
        Vaults |   7279 |   6813 |    466 |    182 |   5509 |   4 | 1819.8 |
         Crypt |    119 |    119 |      0 |      0 |     54 |   1 |  119.0 |
        Depths |   2437 |   2376 |     61 |    189 |   1872 |   2 | 1218.5 |
        Bazaar |     96 |     96 |      0 |      0 |     89 |   1 |   96.0 |
       Ossuary |    403 |    403 |      0 |      0 |    311 |   1 |  403.0 |
               +--------+--------+--------+--------+--------+-----+--------+

Top non-repeatable levels by time:
   Orc:1: 2824 daAuts
   Orc:2: 2470 daAuts
Vaults:1: 2284 daAuts
Vaults:2: 2054 daAuts
   Elf:3: 2012 daAuts
   Elf:2: 1871 daAuts
Shoals:1: 1844 daAuts
  Lair:5: 1737 daAuts
     D:8: 1624 daAuts
Vaults:3: 1617 daAuts
     D:9: 1451 daAuts
     D:5: 1428 daAuts
   Elf:1: 1385 daAuts
Vaults:4: 1322 daAuts
     D:6: 1283 daAuts
